 Dungeon Crawl Stone Soup version 0.29.0-11-gd7f09526c8 (console) character file.

Game seed: 12414336235604357368

57248 jejorda2 the Blocker (level 14, -8/75 HPs)
             Began as a Vine Stalker Brigand on Sept 5, 2022.
             Was a High Priest of Okawaru.
             Mangled by a small abomination (13 damage)
             ... in a Gauntlet.
             The game lasted 01:30:15 (20397 turns).

jejorda2 the Blocker (Vine Stalker Brigand)        Turns: 20397, Time: 01:30:16

Health: -8/75      AC: 18    Str: 19    XL:     14   Next: 85%
Magic:  0/22       EV: 14    Int: 11    God:    Okawaru [*****.]
Gold:   1377       SH: 17    Dex: 16    Spells: 13/13 levels left

rFire   + . .      SeeInvis .   a - +4 quick blade (chaos)
rCold   + . .      Faith    .   M - +0 kite shield {AC+3}
rNeg    . . .      Spirit   +   i - +2 steam dragon scales
rPois   .          Reflect  +   q - +2 hood of the Assassin {Detection Stab+ Stlth++}
rElec   .          Harm     .   c - +0 cloak
rCorr   .          Rampage  .   u - +2 pair of gloves
Will    +....      NoTele   +   l - +0 pair of boots
Stlth   +++++.....              N - amulet of reflection
HPRegen 1.02/turn               G - ring of protection from fire
MPRegen 0.18/turn               x - ring of protection from cold

@: finesse-ful
A: fangs 3, regeneration 1, magic shield, antimagic bite, no potion heal 2
a: Renounce Religion, Heroism, Finesse, Duel


You were in a Gauntlet.
You worshipped Okawaru.
Okawaru was extremely pleased with you.
You visited 3 branches of the dungeon, and saw 18 of its levels.
You also visited: Sewer, Ossuary and Gauntlet.

You collected 1377 gold pieces.

Inventory:

Hand Weapons
 a - a +4 quick blade of chaos (weapon)
 b - a +0 vampiric dagger
Missiles
 d - 38 poisoned darts (quivered)
 e - 8 curare-tipped darts
 g - 224 stones
 v - 12 boomerangs
 P - 7 atropa-tipped darts
 S - 3 datura-tipped darts
 U - 2 silver javelins
 W - 2 javelins
 X - 6 boomerangs of dispersal
Armour
 c - a +0 cloak (worn)
 i - +2 steam dragon scales (worn)
 l - a +0 pair of boots (worn)
 q - the +2 hood of the Assassin (worn) {Detection Stab+ Stlth++}
   (Okawaru gifted it to you on level 5 of the Lair of Beasts)

   It allows the wearer to sense nearby creatures.
   It allows the wearer to make particularly effective stabbing attacks against
   helpless or unaware enemies with any weapon.
   Stlth:     It makes you much more stealthy.
 u - a +2 pair of gloves (worn)
 I - +0 acid dragon scales
 M - a +0 kite shield of protection (worn)
 Y - a +2 scale mail of fire resistance
Jewellery
 k - a ring of fire
 n - an amulet of the acrobat
 x - a ring of protection from cold (right hand)
 G - a ring of protection from fire (left hand)
 N - an amulet of reflection (around neck)
 R - a ring of positive energy
Wands
 J - a wand of paralysis (19)
 L - a wand of flame (15)
 T - a wand of roots (5)
 V - a wand of mindburst (9)
Scrolls
 h - a scroll of silence
 o - a scroll of acquirement
 y - 2 scrolls of blinking
 B - 10 scrolls of fear
 E - a scroll of fog
 O - 2 scrolls of poison
Potions
 f - 3 potions of invisibility
 j - 3 potions of cancellation
 m - 9 potions of curing
 r - 4 potions of flight
 s - 5 potions of lignification
 t - 7 potions of brilliance
 w - 3 potions of mutation
 z - 2 potions of might
 C - 3 potions of resistance
 D - 3 potions of magic
 H - 2 potions of ambrosia
 K - 5 potions of haste


   Skills:
 - Level 9.0 Fighting
 + Level 10.1 Short Blades
 + Level 9.6 Throwing
 - Level 4.1 Armour
 - Level 6.0 Dodging
 - Level 4.8 Stealth
 * Level 12.3 Shields
 + Level 9.7 Invocations
 - Level 4.0 Evocations


You had 13 spell levels left.
You didn't know any spells.
Your spell library contained the following spells:

 Spells                   Type           Power      Damage    Failure   Level
 Magic Dart               Conj           0%         1d3       56%         1
 Shock                    Conj/Air       0%         1d3       56%         1
 Frozen Ramparts          Ice            0%         1d1       91%         3
 Ignite Poison            Fire/Tmut/Pois 0%         N/A       91%         3
 Mephitic Cloud           Conj/Pois/Air  0%         N/A       91%         3
 Portal Projectile        Hex/Tloc       0%         N/A       91%         3
 Swiftness                Air            0%         N/A       91%         3
 Airstrike                Air            0%         2d(0-16)  100%        4
 Cause Fear               Hex            0%         N/A       100%        4
 Fulminant Prism          Conj/Hex       0%         3d6       100%        4
 Ice Form                 Ice/Tmut       0%         N/A       100%        4
 Iskenderun's Mystic Bla  Conj/Tloc      0%         2d3       100%        4
 Blade Hands              Tmut           0%         N/A       100%        5
 Freezing Cloud           Conj/Ice/Air   0%         6-21      100%        5
 Lee's Rapid Deconstruct  Erth           0%         3d5*      100%        5
 Dragon Form              Tmut           0%         N/A       100%        7
 Call Imp                 Summ           Unusable   N/A       N/A         2
 Tukima's Dance           Hex            Unusable   N/A       N/A         3
 Summon Ice Beast         Ice/Summ       Unusable   N/A       N/A         4
 Dragon's Call            Summ           Unusable   N/A       N/A         9

Dungeon Overview and Level Annotations

Branches:
Dungeon (12/15)            Temple (1/1) D:7            Lair (5/5) D:11
 Shoals (0/4) Lair:3       Spider (0/4) Lair:2        Slime (0/5) Lair:4
    Orc (0/2) D:10          Sewer (visited)         Ossuary (visited)
Gauntlet (1/1)

Altars:
Ashenzari
Cheibriados
Dithmenos
Fedhas
Gozag
Hepliaklqana
Kikubaaqudgha
Makhleb
Nemelex Xobeh
Okawaru
Qazlal
Ru
Sif Muna
Trog
Uskayaw
Wu Jian
Yredelemnul
The Shining One
Jiyva

Shops:
D:5 *

Annotations:
D:7 3 runed translucent doors, exclusion: 2 doors
D:10 exclusion: obsidian statue
Lair:1 exclusion: 2 centaurs
Lair:5 3 runed translucent doors, exclusion: 3 doors, 0gre's ghost, journeyman GnIE Gauntlet 7 transporters


Innate Abilities, Weirdness & Mutations

You have razor-sharp teeth.
Your natural rate of healing is unusually fast.
When hurt, damage is shared between your health and your magic reserves.
Your bite disrupts and absorbs the magic of your enemies.
Potions cannot restore your health.


Message History

You hit something.
Nothing appears to happen.
Your bite misses something. Something tramples you!
You hold your ground!
Something tramples you.
You hold your ground!
You closely miss something. Your bite misses something. Something tramples you.
You hold your ground!
Something tramples you but does no damage.
Something tramples you.
You hold your ground!
Something barely misses you. Something tramples you!
You stumble backwards!
There is a transporter landing site here.
You hit the small abomination.
The small abomination flickers and vanishes!
Your bite misses something. You puncture something! You bite something.
You hit something. You freeze something. Your bite misses something.
Something hits you!
* * * LOW HITPOINT WARNING * * *
You miss something. Your bite misses something.
You can now deal lightning-fast blows.
You hit something. You freeze something. Your bite misses something.
You feel like a meek peon again. Something hits you but does no damage.
You miss something. You closely miss something.
You hit something but do no damage. You bite something. You puncture something!
Okawaru accepts your kill.
Reactivating autopickup.
You feel a bit more experienced. Something tramples you!!
* * * LOW HITPOINT WARNING * * *
You hold your ground!
Deactivating autopickup; reactivate with Ctrl-A.
Something tramples you but does no damage.
Something barely misses you. You block something's attack.
Something tramples you.
* * * LOW HITPOINT WARNING * * *
You hold your ground!
Something tramples you but does no damage.
Something hits you!
You die...

##≈.#...©...#.#Y[.©?.Y#.
##.###################.
##≈....#©.........©#....
#≈≈..8.#.8.8.8.8.8.#.8..
##≈....#©.........©#....
##.#########.#########.
##≈.#.##.##.#.#..8#8..#.
#≈≈.##.{#..##.#w..8...#.
##≈.###@##.##.#8.8^8.8#.
##.#.{#©^#.####8.©.8##.
##≈.##.##.###.#8.8^8.8#.
#≈≈.#?#..#.$#.#D..8...#.
##≈.#[##©##.#.#..?©[:.#.
##.#########.#########.
#≈.....................
#≈≈≈#≈≈≈#..∩.8.∩..#≈≈≈#≈
##≈###≈###.......###≈###


There were no monsters in sight!

Vanquished Creatures
  3 hydras
  4 boulder beetles
  Erica (D:8)
  2 death scarabs (Gauntlet)
  4 death yaks (Lair:5)
  A spectral death yak (Gauntlet)
  A lindwurm (Lair:2)
  A spectral hydra (Gauntlet)
  A glowing shapeshifter (Lair:5)
  2 ugly things
  A cyclops (D:11)
  16 elephants
  A merfolk siren (Lair:3)
  3 black mambas
  10 cane toads
  2 rime drakes
  Maggie (D:7)
  A kobold demonologist (D:8)
  An unseen horror (D:10)
  10 komodo dragons
  4 polar bears (Lair:5)
  6 hornets
  2 trolls
  2 dream sheep (Lair:5)
  A tarantella (Lair:2)
  A slime creature (D:7)
  20 blink frogs
  A yak (shapeshifter) (Lair:1)
  21 spriggans
  A shadow (D:10)
  3 wyverns
  2 water elementals (D:11)
  A wraith (D:12)
  56 yaks
  A human (D:6)
  2 basilisks
  A steam dragon (D:8)
  Menkaure (D:7)
  An acid dragon (D:9)
  A swamp worm (shapeshifter) (Lair:4)
  Duvessa (D:7)
  13 water moccasins
  7 orc warriors
  An ice beast (D:7)
  A sky beast (D:6)
  5 black bears
  An ogre (D:7)
  4 boggarts (Lair:5)
  36 wolves
  3 centaurs
  3 phantoms
  4 kobold brigands
  12 bullfrogs
  A gnoll sergeant (D:10)
  A necrophage (D:7)
  3 scorpions
  3 water moccasin zombies (Ossuary)
  Dowan (D:7)
  3 small abominations (Gauntlet)
  11 wights
  9 killer bees
  6 howler monkeys
  12 electric eels
  5 hounds
  9 orc priests
  3 gnoll boudas
  7 hell rats (Lair:4)
  A human skeleton (D:6)
  5 iguanas
  6 orc wizards
  2 mummies (Ossuary)
  10 adders
  18 gnolls
  3 river rats
  3 white imps
  2 adder zombies (Ossuary)
  4 worms
  3 dart slugs
  41 orcs
  9 endoplasms
  3 giant cockroaches
  3 gnoll zombies (Ossuary)
  10 goblins
  6 hobgoblins
  2 jackals (D:2)
  24 kobolds
  2 quokkas
  20 ball pythons
  A bat (D:1)
  9 frilled lizards
  2 hobgoblin zombies (Ossuary)
  5 kobold zombies (Ossuary)
  7 orc zombies (Ossuary)
  25 rats
585 creatures vanquished.

Vanquished Creatures (others)
  A kobold (D:10)
  A bush (Lair:4)
  18 fungi
  18 plants
  A withered plant (Gauntlet)
39 creatures vanquished.

Grand Total: 624 creatures vanquished

Notes
Turn   | Place    | Note
-------+----------+-------------------------------------------
     0 | D:1      | jejorda2 the Vine Stalker Brigand began the quest for the
                  | Orb.
     0 | D:1      | Reached XP level 1. HP: 11/11 MP: 2/2
   159 | D:1      | Reached XP level 2. HP: 15/15 MP: 3/3
   264 | D:1      | Found a faded altar of an unknown god.
   824 | D:2      | Reached XP level 3. HP: 18/18 MP: 4/4
  1033 | D:2      | Reached skill level 1 in Armour
  1980 | D:2      | Gained mutation: Your natural rate of healing is unusually
                  | fast. [Vine Stalker growth]
  1980 | D:2      | Reached XP level 4. HP: 23/23 MP: 5/5
  2359 | D:4      | Found a sand-covered staircase.
  2365 | Ossuary  | Entered an ossuary
  2379 | Ossuary  | Reached XP level 5. HP: 27/27 MP: 6/6
  2464 | Ossuary  | Reached XP level 6. HP: 32/32 MP: 7/7
  3366 | D:4      | HP: 1/32 [orc priest/divine providence (11)]
  3571 | D:4      | Reached skill level 5 in Short Blades
  3571 | D:4      | Reached XP level 7. HP: 9/37 MP: 8/8
  4395 | D:5      | Entered Level 5 of the Dungeon
  4427 | D:5      | Found Nusmall's Overcharged Wands.
  4720 | D:5      | Found a glowing drain.
  4752 | D:5      | Gained mutation: You have razor-sharp teeth. [Vine Stalker
                  | growth]
  4752 | D:5      | Reached XP level 8. HP: 41/42 MP: 6/9
  4760 | Sewer    | Entered a sewer
  5289 | D:5      | Noticed a yak
  5289 | D:5      | Noticed a yak
  5321 | D:5      | Killed a yak
  5322 | D:5      | Reached skill level 5 in Fighting
  5430 | D:5      | Noticed a yak
  5434 | D:5      | Killed a yak
  5434 | D:5      | Noticed a yak
  5434 | D:5      | Noticed a yak
  5444 | D:5      | Killed a yak
  5452 | D:5      | Killed a yak
  5456 | D:5      | Killed a yak
  5457 | D:5      | Reached XP level 9. HP: 38/48 MP: 7/10
  6364 | D:6      | Found a runed translucent door.
  6369 | D:6      | Found a basalt altar of Yredelemnul.
  6744 | D:6      | Reached skill level 10 in Short Blades
  7067 | D:7      | Noticed Menkaure
  7087 | D:7      | Killed Menkaure
  7152 | D:7      | Noticed Maggie
  7181 | D:7      | Killed Maggie
  7224 | D:7      | Found a staircase to the Ecumenical Temple.
  7233 | Temple   | Entered the Ecumenical Temple
  7246 | Temple   | Became a worshipper of Warmaster Okawaru
  7304 | D:7      | Reached XP level 10. HP: 53/53 MP: 11/11
  7341 | D:7      | Reached skill level 1 in Dodging
  7341 | D:7      | Reached skill level 1 in Invocations
  7430 | D:7      | Noticed Dowan
  7448 | D:7      | Killed Dowan
  7472 | D:7      | Noticed Duvessa
  7492 | D:7      | Killed Duvessa
  7599 | D:7      | Noticed a boulder beetle
  7600 | D:7      | Noticed a purple ugly thing
  7727 | D:7      | Killed a boulder beetle
  7727 | D:7      | Reached * piety under Okawaru
  7742 | D:7      | Killed a purple ugly thing
  7800 | D:7      | Found a runed translucent door.
  7957 | D:7      | Reached skill level 5 in Invocations
  8062 | D:7      | Noticed a five-headed hydra
  8063 | D:7      | Noticed a centaur warrior
  8064 | D:7      | Found a runed translucent door.
  8064 | D:7      | Found a runed translucent door.
  8102 | D:7      | Reached ** piety under Okawaru
  8156 | D:7      | Found a bloodstained altar of Trog.
  8428 | D:8      | Found a shadowy altar of Dithmenos.
  8429 | D:8      | Found a hide-covered altar of Uskayaw.
  8512 | D:8      | Noticed a kobold demonologist
  8565 | D:8      | Killed a kobold demonologist
  8578 | D:8      | Reached skill level 1 in Evocations
  8628 | D:8      | Found a broken altar of Ashenzari.
  8759 | D:8      | Noticed Erica
  8815 | D:8      | Reached XP level 11. HP: 37/58 MP: 16/16
  8843 | D:8      | Killed Erica
  8900 | D:8      | Identified a scroll of acquirement
  8900 | D:8      | Acquired a +0 kite shield of protection
  9070 | D:9      | Reached *** piety under Okawaru
  9105 | D:9      | Reached skill level 1 in Shields
  9282 | D:9      | Reached skill level 2 in Shields
  9947 | D:9      | You fall into a shaft and drop 1 floor!
  9947 | D:10     | Entered Level 10 of the Dungeon
 10180 | D:10     | Reached skill level 3 in Shields
 10222 | D:10     | Noticed an obsidian statue
 10552 | D:10     | Found a staircase to the Orcish Mines.
 10690 | D:10     | Found a sacrificial altar of Ru.
 10874 | D:10     | Received a gift from Okawaru
 11282 | D:11     | Reached skill level 4 in Shields
 11332 | D:11     | Noticed a cyclops
 11349 | D:11     | Reached **** piety under Okawaru
 11389 | D:11     | Reached skill level 5 in Dodging
 11408 | D:11     | Received a gift from Okawaru
 11426 | D:11     | Killed a cyclops
 11460 | D:11     | Reached skill level 5 in Shields
 11471 | D:11     | Found a staircase to the Lair.
 11644 | D:11     | Noticed an eight-headed hydra
 11666 | D:11     | Killed an eight-headed hydra
 11766 | D:11     | Noticed a green ugly thing
 11794 | D:11     | Killed a green ugly thing
 11795 | D:11     | Reached skill level 6 in Shields
 11795 | D:11     | Reached XP level 12. HP: 21/62 MP: 15/18
 12201 | Lair:1   | Entered Level 1 of the Lair of Beasts
 12210 | Lair:1   | Found a shimmering blue altar of Sif Muna.
 12239 | Lair:1   | Received a gift from Okawaru
 12487 | Lair:1   | Reached skill level 7 in Shields
 12534 | Lair:1   | Reached ***** piety under Okawaru
 12535 | Lair:1   | Reached skill level 5 in Throwing
 12771 | Lair:1   | Received a gift from Okawaru
 13071 | Lair:1   | Received a gift from Okawaru
 13609 | Lair:1   | Reached skill level 8 in Shields
 13789 | Lair:2   | Found a hole to the Spider Nest.
 13808 | Lair:2   | Reached XP level 13. HP: 69/69 MP: 19/19
 13996 | Lair:2   | Acquired a ring of protection from cold
 14775 | Lair:1   | Received a gift from Okawaru
 15502 | Lair:3   | Reached skill level 9 in Shields
 15941 | Lair:3   | Received a gift from Okawaru
 16178 | Lair:3   | Found a staircase to the Shoals.
 16741 | Lair:4   | Reached skill level 10 in Shields
 16999 | Lair:4   | Found a viscous altar of Jiyva.
 17001 | Lair:4   | Found a staircase to the Slime Pits.
 17260 | Lair:4   | Received a gift from Okawaru
 17765 | Lair:5   | Entered Level 5 of the Lair of Beasts
 17983 | Lair:4   | Reached XP level 14. HP: 52/75 MP: 21/21
 18397 | Lair:5   | Reached skill level 11 in Shields
 18500 | Lair:5   | Found a runed translucent gate.
 18500 | Lair:5   | Found a runed translucent gate.
 18500 | Lair:5   | Found a runed translucent gate.
 18500 | Lair:5   | Noticed an acid blob
 18500 | Lair:5   | Noticed a rockslime
 18500 | Lair:5   | Noticed an azure jelly
 18500 | Lair:5   | Noticed an azure jelly
 18500 | Lair:5   | Noticed an azure jelly
 18500 | Lair:5   | Noticed an acid blob
 18500 | Lair:5   | Noticed an azure jelly
 18501 | Lair:5   | Found a viscous altar of Jiyva.
 18501 | Lair:5   | Noticed an acid blob
 18501 | Lair:5   | Noticed a quicksilver ooze
 18501 | Lair:5   | Noticed 0gre's ghost (journeyman GnIE)
 18501 | Lair:5   | Noticed an acid blob
 18501 | Lair:5   | Noticed an acid blob
 18502 | Lair:5   | Noticed an acid blob
 18502 | Lair:5   | Noticed an azure jelly
 18625 | Lair:5   | Received a gift from Okawaru
 18625 | Lair:5   | Found the +2 hood of the Assassin {Detection Stab+ Stlth++}
 18711 | Lair:5   | Paralysed by a spriggan for 4 turns
 19289 | Lair:5   | Reached skill level 12 in Shields
 20100 | D:12     | Found a gate leading to a gauntlet.
 20111 | Gauntlet | Entered a Gauntlet
 20111 | Gauntlet | Found a transporter.
 20111 | Gauntlet | Found a transporter.
 20119 | Gauntlet | Found a transporter.
 20123 | Gauntlet | Found a transporter.
 20131 | Gauntlet | Found a transporter.
 20135 | Gauntlet | Found a transporter.
 20143 | Gauntlet | Found a transporter.
 20160 | Gauntlet | Found a transporter.
 20177 | Gauntlet | Found a transporter.
 20178 | Gauntlet | Found a transporter.
 20186 | Gauntlet | Found a transporter.
 20190 | Gauntlet | Found a transporter.
 20397 | Gauntlet | Mangled by a small abomination

Illustrated notes

Levels and vault maps discovered:
D:1:      minmay_arrival_four_houses, layout_loops_cross, basic_ecumenical_altar
D:2:      layout_loops_ring, st_stairs_14, minmay_cut_off
D:3:      layout_basic, minivault_24, amethyst_killhole,
          minmay_misc_feat_encased
D:4:      layout_loops_corners, enter_ossuary_2, grunt_ministairs_12
D:5:      layout_gridville, portal_sewer_entry_b, nicolae_shop_overcharged_wands
D:6:      layout_basic, dk_yredelemnul_ordeal, wad_floor_pattern_untrapped
D:7:      minmay_the_grid_four_pointed_star
          [minmay_the_grid_triangle_9x9_fully_insulated_deathbox,
          minmay_the_grid_triangle_9x9_cache,
          minmay_the_grid_triangle_9x9_limited_checkers,
          minmay_the_grid_triangle_9x9_sprig, minmay_the_grid_prize_big_room],
          layout_loops_ring, mainiacjoe_overflow_alcove_1, temple_hall,
          uniq_maggie, uniq_duvessa, uniq_menkaure
D:8:      layout_basic, ashenzari_altar_1, nicolae_overflow_squiral, uniq_erica
D:9:      layout_gridville
D:10:     layout_basic, mainiacjoe_overflow_catwalk, orc_david_3,
          minmay_misc_feat_room, minivault_16, lemuel_flame_loot_1
D:11:     layout_basic, erik_lair_island
D:12:     layout_basic, gauntlet_entry_generic, kennysheep_dice, uniq_erolcha
Temple:   lightli_temple_of_artemis
Lair:1:   kb_forest_paths, layout_cave_pods, lemuel_centaur_altar
Lair:2:   layout_hall_layers, spider_nest_entry_rubble, disabler_island
Lair:3:   layout_cave_pods, elwin_shoals_entry_rooms
Lair:4:   layout_regular_city, slime_entry_1, lemuel_fruit_tree
Lair:5:   minmay_lair_end_enchanted_forest, layout_long_grid,
          gammafunk_ghost_ooze
Gauntlet: minmay_gauntlet_77_indecision [minmay_gauntlet_arena_77_mess,
          minmay_gauntlet_arena_77_p_blocks, minmay_gauntlet_arena_77_mirror,
          minmay_gauntlet_arena_77_two_paths,
          minmay_gauntlet_arena_77_terracotta_army,
          minmay_gauntlet_arena_77_tiled_triplets, gauntlet_exit_watery]

Skill      XL: |  1  2  3  4  5  6  7  8  9 10 11 12 13 14 |
---------------+-------------------------------------------+-----
Short Blades   | 2 3 4 5 6 8 10 | 10.1
Fighting       | 2 3 4 5 6 8 9 |  9.0
Armour         | 1 2 3 4 |  4.1
Dodging        | 3 5 6 |  6.0
Invocations    | 6 7 8 9 |  9.7
Throwing       | 4 6 8 9 |  9.6
Evocations     | 1 4 |  4.0
Shields        | 6 8 10 12 | 12.3
Stealth        | |  4.8

Action                   |  1- 3 |  4- 6 |  7- 9 | 10-12 | 13-15 || total
-------------------------+-------+-------+-------+-------+-------++-------
Melee: Dagger            |    80 |   274 |   482 |  1476 |       ||  2312
       Bite              |    15 |    85 |   160 |   639 |   563 ||  1462
       Punch             |     1 |     4 |     5 |    20 |       ||    30
       Quick blade       |       |       |       |   131 |  1357 ||  1488
Throw: Dart              |     7 |       |    48 |    57 |   199 ||   311
       Stone             |       |       |     1 |     1 |       ||     2
       Boomerang         |       |       |       |    13 |    12 ||    25
       Javelin           |       |       |       |       |    10 ||    10
Invok: Heroism           |       |       |       |    11 |     9 ||    20
       Finesse           |       |       |       |     2 |     4 ||     6
Evoke: Wand              |       |       |       |    13 |    16 ||    29
  Use: Scroll            |       |    13 |    10 |    11 |     3 ||    37
       Potion            |       |     2 |     2 |     3 |       ||     7
 Stab: Sleeping          |    12 |     5 |     3 |    19 |     2 ||    41
       Distracted        |       |       |       |     1 |       ||     1
       Invisible         |       |       |       |     1 |       ||     1
       Paralysed         |       |       |       |     1 |     1 ||     2
       Confused          |       |       |       |     2 |     6 ||     8
       Petrifying        |       |       |       |       |     3 ||     3
Armor: Leather armour    |    14 |     4 |       |       |       ||    18
       Scale mail        |       |    90 |   141 |       |       ||   231
       Plate armour      |       |       |    22 |       |       ||    22
       Steam dragon scal |       |       |       |   320 |   184 ||   504
Dodge: Dodged            |    31 |    93 |   150 |   558 |   227 ||  1059
Block: Kite shield       |       |       |       |    90 |   478 ||   568
       Buckler           |       |       |       |   204 |    42 ||   246
       Reflection        |       |       |       |       |     1 ||     1
